AoeStats
← NuMa | Gacha

MegaRandom

510129359Analyzed
2v2 RM · 4d ago on Sep 29, 2026· 44m 48s· 4 players
Game mode
Random Map
Map size
Medium (4 player)
Population
200
Speed
Normal
Resources
Standard
Victory
Conquest
Starting age
Dark Age
Ending age
Imperial Age
RankedLock teamsTeams togetherTeam positionsShared explorationLock speedFull tech treeHidden civsTurbo modeCheats
Victory
Defeat
🇺🇸 Persians · United States
1107
+14
🇨🇦 Ethiopians · Canada
1089
+15
🇨🇴 Italians · Colombia
1071
-15
🇸🇪 Britons · Sweden
1046
-14
NuMa | Gacha
7:31 Loom
15:18 Feudal Age
17:03 Wheelbarrow
19:35 Castle Age
17:32 Gold Mining
18:25 Double-Bit Axe
20:18 Bloodlines
20:46 Bow Saw
25:23 Town Watch
27:10 Wheelbarrow
29:14 Hand Cart
30:32 Fletching
30:42 Padded Archer Armor
31:46 Husbandry
35:38 Pikeman
40:23 Imperial Age
38:01 Stone Mining
39:14 Scale Barding Armor
39:19 Forging
41:53 Murder Holes
42:19 Ballistics
QuitTouchingMe
12:14 Loom
14:20 Feudal Age
19:17 Castle Age
17:49 Double-Bit Axe
18:18 Horse Collar
26:52 Town Watch
27:45 Wheelbarrow
27:36 Crossbowman
28:21 Fletching
28:46 Bow Saw
29:14 Bodkin Arrow
29:22 Heavy Plow
30:39 Padded Archer Armor
Barnico
5:30 Loom
15:39 Feudal Age
16:09 Double-Bit Axe
22:08 Castle Age
21:58 Scale Mail Armor
22:09 Forging
22:58 Horse Collar
26:22 Gold Mining
26:23 Stone Mining
26:47 Bow Saw
26:40 Heavy Plow
27:50 Town Watch
28:50 Gold Shaft Mining
36:25 Wheelbarrow
37:13 Wheelbarrow
41:24 Imperial Age
40:00 Chain Mail Armor
40:20 Iron Casting
43:26 Halberdier
44:07 Squires
footy
4:19 Loom
13:23 Feudal Age
18:58 Wheelbarrow
18:32 Double-Bit Axe
18:28 Horse Collar
21:18 Forging
22:18 Bloodlines
25:39 Castle Age
26:07 Light Cavalry
29:47 Husbandry
29:56 Scale Barding Armor
31:22 Hand Cart
32:30 Fletching
33:16 Iron Casting
35:59 Chain Barding Armor
38:18 Town Watch
43:46 Imperial Age
46:12 Blast Furnace
Connection lost

Rejoining the realm…

Still unreachable

The connection could not be restored.

Session expired

The server has moved on; the page needs a fresh start.